 Dungeon Crawl Stone Soup version 0.21.1-1-g345015f (webtiles) character file.

5730 wilfster70 the Grappler (level 10, -6/104 HPs)
             Began as a Troll Monk on July 20, 2018.
             Was an Initiate of Ru.
             Mangled by an orc warrior
             ... wielding a +0 trident
              (19 damage)
             ... on level 9 of the Dungeon.
             The game lasted 00:25:55 (8117 turns).

wilfster70 the Grappler (Troll Monk)                Turns: 8117, Time: 00:25:56

Health: -6/104     AC:  5    Str: 26    XL:     10   Next: 48%
Magic:  9/9        EV: 13    Int:  9    God:    Ru [......]
Gold:   384        SH:  0    Dex: 12    Spells: 9/9 levels left

rFire    . . .     SeeInvis .     - Unarmed
rCold    . . .     Gourm    +   (no shield)
rNeg     . . .     Faith    .   a - +0 robe
rPois    .         Spirit   .   (helmet restricted)
rElec    .         Reflect  .   (no cloak)
rCorr    .         Harm     .   (gloves unavailable)
MR       +....                  (boots unavailable)
Stlth    ++........             (no amulet)
HPRegen  0.67/turn              f - +5 ring of strength
MPRegen  0.11/turn              e - ring of protection from magic

@: lethally poisoned (-6 -> -6)
A: large, unfitting armour, claws 3, fast metabolism 3, gourmand, regeneration
1, shaggy fur 1, tough skin 2
a: Renounce Religion


You were on level 9 of the Dungeon.
You worshipped Ru.
Ru was noncommittal.
You were very full.

You visited 1 branch of the dungeon, and saw 9 of its levels.

You collected 384 gold pieces.

Inventory:

Hand Weapons
 b - a +2 mace of crushing
Missiles
 c - 67 sling bullets
 d - 192 stones (quivered)
Armour
 a - a +0 robe (worn)
Magical Staves
 w - an uncursed staff of summoning {unknown}
Jewellery
 e - a ring of protection from magic (right claw)
 f - a +5 ring of strength (left claw)
Wands
 x - a wand of acid (9)
 y - a wand of polymorph (7)
Scrolls
 j - a scroll of immolation
 m - 4 scrolls of teleportation
 p - a scroll of fog
 q - a scroll of identify
 r - 4 scrolls of enchant armour
 s - 5 scrolls of remove curse
 t - 2 scrolls of amnesia
Potions
 g - a potion of haste
 h - 3 potions of brilliance
 i - a potion of invisibility
 k - 2 potions of heal wounds
 l - a potion of ambrosia
 o - a potion of curing
 u - a potion of magic
 v - a potion of flight
Comestibles
 n - 20 rations
 z - 3 chunks of flesh


   Skills:
 + Level 7.9 Fighting
 - Level 3.0 Throwing
 + Level 7.9 Dodging
 - Level 1.0 Stealth
 + Level 9.4 Unarmed Combat


You had 9 spell levels left.
You didn't know any spells.

Dungeon Overview and Level Annotations

Branches:
Dungeon (9/15)             Temple (0/1) D:7            Lair (0/6) D:8
    Orc: D:9-12

Altars:
Ashenzari
Cheibriados
Qazlal
Ru
Xom
Yredelemnul
Beogh

Shops:
D:8 (


Innate Abilities, Weirdness & Mutations

You are too large for most types of armour.
You have claws for hands.
Your metabolism is lightning-fast.
You like to eat raw meat.
Your natural rate of healing is unusually fast.
You are covered in fur. (AC +1)
You have very tough skin. (AC +2)


Message History

You mangle the ogre!!
You kill the ogre!
You feel sick.
You feel sick.
You feel sick.
There is an open door here.
There is a stone staircase leading up here.
You feel sick.
You mangle the orc warrior!!
The orc warrior is severely wounded.
The orc warrior hits you with a dire flail!
* * * LOW HITPOINT WARNING * * *
You claw the orc warrior!
You kill the orc warrior!
You feel sick. The orc warrior misses you.
There is a stone staircase leading up, spattered with blood here.
Items here: $ ) [ † a dire flail; a chain mail; 17 gold pieces; an orc corpse The orc warrior hits you with a trident!!
You die...

..... ... ... ...
#.# #.# ##### #.#
#...########.##
#.@o'o...)....##
#..o########...####
#...# #.#.o...
#...# #.#####.
#...# ### ## #####


You could see an orc warrior and 2 orcs.

Vanquished Creatures
  Erolcha (D:9)
  2 trolls
  A hornet (D:8)
  Prince Ribbit (D:5)
  Sigmund (D:5)
  The ghost of aaksess the Chiller, an amateur OgIE (D:3)
  A spriggan (D:7)
  Eustachio (D:4)
  2 hungry ghosts
  6 orc warriors
  2 ice beasts (D:6)
  A necrophage (D:7)
  A phantom (D:9)
  2 sky beasts
  4 ogres
  A big kobold (D:8)
  3 bullfrogs (D:6)
  A scorpion (D:6)
  5 killer bees
  2 jellies
  3 electric eels (D:8)
  A howler monkey (D:6)
  2 crimson imps
  A bullfrog zombie (D:5)
  A centaur skeleton (D:9)
  10 hounds
  6 orc wizards
  6 orc priests
  5 iguanas
  2 worker ants
  3 hound zombies
  A hound skeleton (D:6)
  A worker ant zombie (D:5)
  8 adders
  3 gnolls (D:3)
  A shadow imp (D:8)
  An ooze (D:5)
  2 worms
  2 dart slugs
  5 leopard geckos
  22 orcs
  6 bats
  2 giant cockroaches
  7 goblins
  6 hobgoblins
  21 jackals
  4 kobolds
  2 quokkas (D:8)
  3 ball pythons
  A ball python skeleton (D:5)
  4 frilled lizards
  2 gnoll zombies (D:3)
  9 rats
192 creatures vanquished.

Notes
Turn   | Place    | Note
-------+----------+-------------------------------------------
     0 | D:1      | wilfster70 the Troll Monk began the quest for the Orb.
     0 | D:1      | Reached XP level 1. HP: 22/22 MP: 0/0
   125 | D:1      | Reached XP level 2. HP: 29/29 MP: 1/1
   956 | D:2      | Found a shattered altar of Ashenzari.
  1027 | D:2      | Reached XP level 3. HP: 27/36 MP: 2/2
  1112 | D:2      | Reached skill level 1 in Throwing
  1527 | D:3      | Reached XP level 4. HP: 45/45 MP: 3/3
  1663 | D:3      | Reached XP level 5. HP: 10/53 MP: 4/4
  1839 | D:3      | Noticed aaksess's ghost (amateur OgIE)
  1884 | D:3      | Killed aaksess's ghost
  1884 | D:3      | Reached skill level 4 in Unarmed Combat
  1884 | D:3      | Reached XP level 6. HP: 20/61 MP: 5/5
  2074 | D:3      | Found a basalt altar of Yredelemnul.
  2203 | D:3      | Found a snail-covered altar of Cheibriados.
  2452 | D:3      | Found a stormy altar of Qazlal.
  2683 | D:5      | Entered Level 5 of the Dungeon
  2874 | D:6      | Reached XP level 7. HP: 65/68 MP: 6/6
  3149 | D:6      | Found a sacrificial altar of Ru.
  3161 | D:6      | Reached skill level 5 in Unarmed Combat
  3164 | D:6      | Became a worshipper of Ru the Awakened
  3412 | D:6      | Reached XP level 8. HP: 26/79 MP: 7/7
  3676 | D:4      | Reached skill level 5 in Dodging
  3766 | D:4      | Reached skill level 5 in Fighting
  3766 | D:4      | Reached skill level 6 in Unarmed Combat
  3821 | D:4      | Noticed Eustachio
  3857 | D:4      | Killed Eustachio
  4398 | D:5      | Noticed Prince Ribbit
  4430 | D:5      | Noticed Sigmund
  4516 | D:5      | Killed Sigmund
  4712 | D:5      | Killed Prince Ribbit
  5002 | D:6      | Reached skill level 7 in Unarmed Combat
  5020 | D:6      | Reached XP level 9. HP: 63/89 MP: 8/8
  5875 | D:7      | Found a shimmering altar of Xom.
  6098 | D:7      | Found a staircase to the Ecumenical Temple.
  6260 | D:8      | Paralysed by a hornet for 1 turns
  6384 | D:8      | Reached skill level 8 in Unarmed Combat
  6520 | D:8      | Found Honefrem's Weapon Shop.
  6537 | D:8      | Found a staircase to the Lair.
  6538 | D:8      | Noticed a two-headed ogre
  6942 | D:8      | Noticed a troll
  7047 | D:8      | Killed a troll
  7324 | D:8      | Reached XP level 10. HP: 74/102 MP: 9/9
  7763 | D:9      | Noticed Erolcha
  7777 | D:9      | Killed Erolcha
  7777 | D:9      | Reached skill level 9 in Unarmed Combat
  7931 | D:9      | Found a shimmering altar of Xom.
  7979 | D:9      | Found a roughly hewn altar of Beogh.
  8117 | D:9      | Mangled by an orc warrior

Skill      XL: |  1  2  3  4  5  6  7  8  9 10 |
---------------+-------------------------------+-----
Throwing       | 1 2 3 |  3.0
Fighting       | 3 4 5 7 |  7.9
Dodging        | 3 4 6 7 |  7.9
Unarmed Combat | 4 5 7 8 9 |  9.4
Stealth        | |  1.0

Action                   |  1- 3 |  4- 6 |  7- 9 | 10-12 || total
-------------------------+-------+-------+-------+-------++-------
Melee: Unarmed           |    80 |   107 |   332 |    81 ||   600
       Punch             |     1 |     2 |     7 |     4 ||    14
Throw: Stone             |       |       |     3 |       ||     3
Invok: Reject Sacrifices |       |       |     1 |       ||     1
  Use: Scroll            |     1 |    10 |    12 |     1 ||    24
       Potion            |       |       |     2 |     2 ||     4
 Stab: Sleeping          |     1 |       |     3 |       ||     4
       Distracted        |       |       |     1 |       ||     1
  Eat: Chunk             |    18 |    14 |    43 |     6 ||    81
       Ration            |       |       |     1 |       ||     1
Armor: Robe              |    31 |    26 |    86 |    10 ||   153
Dodge: Dodged            |    40 |    45 |   193 |    39 ||   317
